 Dungeon Crawl Stone Soup version 0.32-a0-42-ga30500b4d3 (webtiles) character file.

Game seed: 10945396314260357132

235 cforsyth the Trooper (level 6, 0/48 HPs)
             Began as a Djinni Reaver on Jan 27, 2024.
             Slain by a bullfrog (2 damage)
             ... in a sewer.
             The game lasted 00:04:13 (2668 turns).

cforsyth the Trooper (Djinni Reaver)                Turns: 2668, Time: 00:04:14

Health: 0/48       AC:  4    Str: 11    XL:     6   Next: 27%
Gold:   120        EV: 12    Int: 17    God:
                   SH:  0    Dex: 14

rFire   + + .        d - +9 dagger of Qazlal's Reproof {freeze, Dex+3}
rCold   x . .        (no shield)
rNeg    . . .        b - +0 leather armour
rPois   ∞            i - +0 helmet
rElec   .            (no cloak)
rCorr   .            (no gloves)
SInv    .            (boots unavailable)
Will    +....        (no amulet)
Stlth   +            c - +4 ring of slaying
HPRegen 0.28/turn    (no ring)
MPRegen 0.00/turn

%: infuse magic (-1 HP)
@: mighty, enlightened, flying
A: sickness immunity, fire resistance 2, cold vulnerability 1, float, innate
caster, HP casting, extra vitality 1
a: no special abilities


You were in a sewer.
You visited 1 branch of the dungeon, and saw 3 of its levels.
You also visited: Sewer.

You collected 120 gold pieces.

Inventory:

Hand Weapons
 a - a +1 short sword
 d - the +9 dagger of Qazlal's Reproof (weapon) {freeze, Dex+3}
   (You found it on level 3 of the Dungeon)

   Dex+3:     It affects your dexterity (+3).
Armour
 b - a +0 leather armour (worn)
 i - a +0 helmet (worn)
Jewellery
 c - a +4 ring of slaying (left hand)
Scrolls
 e - a scroll of teleportation
 m - a scroll of revelation
 n - 3 scrolls of butterflies {unknown}
 o - a scroll of torment {unknown}
Potions
 g - a potion of attraction {unknown}
 h - 2 potions of enlightenment
 j - a potion of magic {unknown}
 k - a potion of heal wounds {unknown}
 l - a potion of degeneration {unknown}


   Skills:
 + Level 4.6 Fighting
 - Level 2.6 Short Blades
 - Level 2.1 Dodging
 + Level 4.2 Spellcasting
 + Level 4.2 Conjurations
 + Level 4.2 Hexes
 + Level 4.2 Summonings
 + Level 4.2 Necromancy
 + Level 4.2 Translocations
 + Level 4.2 Fire Magic
 + Level 4.2 Ice Magic
 + Level 4.2 Air Magic
 + Level 4.2 Earth Magic
 + Level 4.2 Alchemy


You knew the following spells:

 Your Spells              Type           Power      Damage    Failure   Level
a - Kiss of Death         Conj/Necr      72%        2d10      3%          1
b - Momentum Strike       Conj/Tloc      36%        3d9       5%          2
c - Hailstorm             Conj/Ice       18%        3d7       11%         3
d - Summon Small Mammal   Summ           72%        N/A       3%          1
e - Scorch                Fire           36%        2d6       5%          2
Your spell library was empty.

Dungeon Overview and Level Annotations

Branches:
Dungeon (3/15)              Sewer (1/1)

Altars:


Innate Abilities, Weirdness & Mutations

You are immune to sickness and miasma.
You are immune to poison.
Your flesh is very heat resistant. (rF++)
You are vulnerable to cold. (rC-)
You float through the air rather than walking.
You learn spells naturally, not from books.
Your magical power is your life essence.
You have superior vitality. (+4 MHP)


Message History

A cannonade of hail descends around you!
The hail pelts the ball python!
You kill the ball python!
The hail pelts the frilled lizard!
You kill the frilled lizard!
The adder closely misses you. The ball python misses you.
The ball python barely misses you. The bullfrog barely misses you.
A frilled lizard comes into view.
The adder bites you.
You hit the bullfrog but do no damage. The bullfrog hits you.
The ball python bites you but does no damage.
The ball python misses you. The adder bites you.
* * * LOW HITPOINT WARNING * * *
You completely miss the bullfrog. The bullfrog barely misses you.
The ball python barely misses you. The ball python grabs you.
The ball python constricts you. The adder misses you.
The bullfrog barely misses you.
You closely miss the bullfrog.
The ball python bites you but does no damage.
The ball python constricts you. The adder misses you. The bullfrog hits you.
* * * LOW HITPOINT WARNING * * *
Your magical contamination has completely faded away.
You feel very mighty all of a sudden. The ball python loses its grip on you.
The adder closely misses you. The bullfrog hits you.
* * * LOW HITPOINT WARNING * * *
The adder bites you.
* * * LOW HITPOINT WARNING * * *
You puncture the bullfrog! You freeze the bullfrog.
The bullfrog is severely wounded.
The bullfrog hits you.
* * * LOW HITPOINT WARNING * * *
The adder completely misses you. The bullfrog closely misses you.
The adder misses you.
Okay, then.
Okay, then.
You aren't carrying any items that you can evoke.
You feel more buoyant. The adder closely misses you. The bullfrog hits you.
You die...

#≈≈≈~≈≈# #≈≈~~≈≈#
#≈~~≈≈≈# #≈≈≈~≈≈#
#~≈≈≈≈≈# #≈≈≈≈~≈#
#~~≈≈≈≈# #≈≈≈≈.≈#
#≈~~~~## #≈≈≈≈.≈#
#~.:.~≈# #l≈≈#~≈#
##.~~~≈# #S≈≈~≈≈#
#≈≈≈≈~~# #FS≈~≈≈#
#≈≈≈≈≈~# #@S~~≈≈#
#≈≈≈~~≈# #≈≈~≈≈≈#
#≈≈†≈≈≈# #≈≈~≈≈≈#
#≈≈~≈≈≈# #####≈≈~≈≈≈#
#.~~.~## #..##.~.~.##
#......###..##......#
##......##'##......##
#.....†.#.........#
##...............##


You could see a bullfrog, 2 adders, a ball python and a frilled lizard.

Vanquished Creatures
  A bullfrog (Sewer)
  6 adders
  4 river rats (Sewer)
  2 ribbon worms (D:2)
  A dart slug (D:2)
  3 bats
  3 endoplasms
  2 giant cockroaches (D:3)
  2 hobgoblins
  2 jackals (D:2)
  10 kobolds
  3 quokkas (D:3)
  14 ball pythons
  4 frilled lizards
  4 goblins
  18 rats
79 creatures vanquished.

Vanquished Creatures (collateral kills)
  A ribbon worm (D:2)
  An endoplasm (D:2)
  2 bats (D:2)
4 creatures vanquished.

Grand Total: 83 creatures vanquished

Notes
Turn   | Place    | Note
-------+----------+-------------------------------------------
     0 | D:1      | cforsyth the Djinni Reaver began the quest for the Orb.
     0 | D:1      | cforsyth set off with the following spells memorised: Kiss
                  | of Death, Momentum Strike, Hailstorm.
     0 | D:1      | Reached XP level 1. HP: 18/18 MP: 0/0
   178 | D:1      | Reached XP level 2. HP: 22/23 MP: 0/0
   916 | D:2      | Reached XP level 3. HP: 11/29 MP: 0/0
   916 | D:2      | Learned a level 1 spell: Summon Small Mammal
  1694 | D:2      | Reached XP level 4. HP: 33/35 MP: 0/0
  2157 | D:3      | Identified the +9 dagger of Qazlal's Reproof {freeze,
                  | Dex+3}
  2215 | D:3      | Found a glowing drain.
  2250 | Sewer    | Entered a sewer
  2326 | Sewer    | Reached XP level 5. HP: 27/41 MP: 0/0
  2326 | Sewer    | Learned a level 2 spell: Scorch
  2651 | Sewer    | Noticed a bullfrog
  2656 | Sewer    | Noticed a bullfrog
  2660 | Sewer    | Killed a bullfrog
  2661 | Sewer    | Reached XP level 6. HP: 24/48 MP: 0/0
  2667 | Sewer    | HP: 2/48 [bullfrog (2)]
  2668 | Sewer    | Slain by a bullfrog

Illustrated notes

Levels and vault maps discovered:
D:1:      scummos_arrival_checkerplants, layout_loops_ring
D:2:      layout_basic, nicolae_titane
D:3:      layout_loops_corners, mainiacjoe_overflow_24_doors,
          portal_sewer_entry_f
Sewer:    sewer_minmay_w

Skill      XL: |  1  2  3  4  5 |
---------------+----------------+-----
Spellcasting   | 3 4 |  4.2
Conjurations   | 3 4 |  4.2
Hexes          | 3 4 |  4.2
Summonings     | 3 4 |  4.2
Necromancy     | 3 4 |  4.2
Translocations | 3 4 |  4.2
Fire Magic     | 3 4 |  4.2
Ice Magic      | 3 4 |  4.2
Air Magic      | 3 4 |  4.2
Earth Magic    | 3 4 |  4.2
Alchemy        | 3 4 |  4.2
Fighting       | 3 4 |  4.6
Short Blades   | |  2.6
Dodging        | |  2.1

Action                     |  1- 3 |  4- 6 || total
---------------------------+-------+-------++-------
  Melee: Short sword       |   168 |    19 ||   187
         Punch             |     3 |     1 ||     4
         Dagger            |       |    63 ||    63
   Cast: Momentum Strike   |     1 |       ||     1
         Summon Small Mamm |    12 |     5 ||    17
         Hailstorm         |       |     5 ||     5
    Use: Scroll            |       |     7 ||     7
         Potion            |       |     2 ||     2
 Armour: Leather armour    |    82 |    56 ||   138
  Dodge: Dodged            |    85 |    68 ||   153

Table legend: (Time is in decaauts)
 A = Elapsed time spent in this place.
 B = Non-inter-level travel time spent in this place.
 C = Inter-level travel time spent in this place.
 D = Time resting spent in this place.
 E = Time spent auto-exploring this place.
 F = Levels seen in this place.
 G = Mean time per level.
                   A        B        C        D        E       F      G
               +--------+--------+--------+--------+--------+-----+--------+
         Total |   2633 |   2568 |     65 |    130 |   1824 |   4 |  658.2 |
       Dungeon |   2223 |   2158 |     65 |     30 |   1648 |   3 |  741.0 |
         Sewer |    410 |    410 |      0 |    100 |    176 |   1 |  410.0 |
               +--------+--------+--------+--------+--------+-----+--------+

Top non-repeatable levels by time:
     D:2: 1273 daAuts
     D:1: 834 daAuts
   Sewer: 410 daAuts
     D:3: 115 daAuts
